 Dungeon Crawl Stone Soup version 0.23-a0-473-gc8aadda (webtiles) character file.

14 Amnesiac the Digger (level 2, 0/19 (20) HPs)
             Began as a Ghoul Earth Elementalist on Nov 27, 2018.
             Slain by a scorpion (4 damage)
             ... on level 3 of the Dungeon.
             The game lasted 00:02:22 (536 turns).

Amnesiac the Digger (Ghoul Earth Elementalist)       Turns: 536, Time: 00:02:23

HP:   0/19 (20)     AC:  3    Str: 11    XL:     2   Next: 41%
MP:   4/4           EV: 12    Int: 10    God:
Gold: 65            SH:  0    Dex:  9    Spells: 2/5 levels left

rFire    . . .     SeeInvis .   m - +0 blowgun
rCold    + + .     Gourm    .   (no shield)
rNeg     + + +     Faith    .   c - +0 robe
rPois    ∞         Spirit   .   (no helmet)
rElec    .         Reflect  .   (no cloak)
rCorr    .         Harm     .   g - +0 pair of gloves
MR       .....                  (no boots)
Stlth    ++........             (no amulet)
HPRegen  0.00/turn              i - ring of protection from cold
MPRegen  0.09/turn              (no ring)

@: rotting
A: rotting body, claws 1, carnivore, cold resistance 1, negative energy
resistance 3, inhibited regeneration, torment resistance, unbreathing
a: no special abilities


You were on level 3 of the Dungeon.
You were not hungry.

You visited 1 branch of the dungeon, and saw 3 of its levels.

You collected 65 gold pieces.

Inventory:

Hand Weapons
 m - a +0 blowgun (weapon)
Missiles
 b - 18 stones (quivered)
Armour
 c - a +0 robe (worn)
 g - a +0 pair of gloves (worn)
Jewellery
 i - a ring of protection from cold (left hand)
Scrolls
 e - a scroll of remove curse {!r, unknown}
 h - a scroll of enchant armour {!r, unknown}
 j - a scroll of fog {!r, unknown}
 l - 3 scrolls of fear {!r, unknown}
Potions
 a - a potion of brilliance {!q, unknown}
 k - a potion of invisibility {!q, unknown}
Comestibles
 d - 3 rations


   Skills:
 - Level 1.7 Dodging
 - Level 2.1 Stealth
 + Level 2.0 Spellcasting
 - Level 0.8 Transmutations
 * Level 3.9 Earth Magic


You had 2 spell levels left.
You knew the following spells:

 Your Spells              Type           Power        Failure   Level  Hunger
a - Sandblast             Erth           #.....       6%          1    ##.....
b - Passwall              Tmut/Erth      #.......     17%         2    ###....

Your spell library contained the following spells:

 Spells                   Type           Power        Failure   Level  Hunger
 Stone Arrow              Conj/Erth      #.....       38%         3    ####...
 Petrify                  Tmut/Erth      #.......     75%         4    #####..
 Lee's Rapid Deconstruct  Erth           #.........   86%         5    ######.


Dungeon Overview and Level Annotations

Branches:
Dungeon (3/15)

Altars:
Gozag


Innate Abilities, Weirdness & Mutations

Your body is rotting away.
You thrive on raw meat.
You are immune to poison.
You have sharp fingernails.
You are carnivorous and can eat meat at any time.
Your flesh is cold resistant. (rC+)
You are immune to negative energy. (rN+++)
You do not regenerate when monsters are visible.
You are immune to unholy pain and torment.
You can survive without breathing.


Message History

You shoot a poisoned needle.
The poisoned needle barely misses the scorpion.
Unknown command.
Firing (i - inventory. (/) - cycle)
n - 5 poisoned needles (quivered)
Press: ? - help, Shift-Dir - straight line, f/p - scorpion
Aim: a scorpion You shoot a poisoned needle.
The poisoned needle completely misses the scorpion.
Unknown command.
Firing (i - inventory. (/) - cycle)
n - 4 poisoned needles (quivered)
Press: ? - help, Shift-Dir - straight line, f/p - scorpion
Aim: a scorpion You shoot a poisoned needle.
The poisoned needle closely misses the scorpion.
The scorpion barely misses you.
Unknown command.
Firing (i - inventory. (/) - cycle)
n - 3 poisoned needles (quivered)
Press: ? - help, Shift-Dir - straight line, f/p - scorpion
Aim: a scorpion You shoot a poisoned needle.
The poisoned needle hits the scorpion.
The scorpion is poisoned.
The scorpion closely misses you.
Unknown command.
Firing (i - inventory. (/) - cycle)
n - 2 poisoned needles (quivered)
Press: ? - help, Shift-Dir - straight line, f/p - scorpion
Aim: a scorpion (lightly wounded, poisoned)
You shoot a poisoned needle.
The poisoned needle closely misses the scorpion.
The scorpion stings you!
Unknown command.
Firing (i - inventory. (/) - cycle)
n - a poisoned needle (quivered)
Press: ? - help, Shift-Dir - straight line, f/p - scorpion
Aim: a scorpion (lightly wounded, poisoned)
You shoot a poisoned needle.
The poisoned needle closely misses the scorpion.
The scorpion closely misses you.
Unknown command.
Throwing (i - inventory)
b - 21 stones (quivered)
Press: ? - help, Shift-Dir - straight line, f/p - scorpion
Aim: a scorpion (moderately wounded, poisoned)
You throw a stone.
The stone hits the scorpion but does no damage.
The scorpion is moderately wounded.
The scorpion misses you.
Unknown command.
You feel your flesh rotting away.
The scorpion looks more healthy.
Throwing (i - inventory)
b - 20 stones (quivered)
Press: ? - help, Shift-Dir - straight line, f/p - scorpion
Aim: a scorpion (severely wounded)
You throw a stone.
The stone hits the scorpion but does no damage.
The scorpion is severely wounded.
The scorpion stings you!
* * * LOW HITPOINT WARNING * * *
Unknown command.
You are too injured to fight recklessly!
Unknown command.
Throwing (i - inventory)
b - 19 stones (quivered)
Press: ? - help, Shift-Dir - straight line, f/p - scorpion
Aim: a scorpion (severely wounded)
You throw a stone. The stone hits the scorpion.
The scorpion is almost dead.
The scorpion stings you.
You die...

#######
#.s...#
#@###.#
#.#.#(# ###
#.#..(# #..
#.#.###
#.#####.#(#
#.#...#.#.#
#.#.#.#.#.#
###.....#>#.#
#...#.###.#.#


You could see a scorpion.

Vanquished Creatures
  A leopard gecko (D:2)
  An orc (D:2)
  4 bats
  A jackal (D:1)
  A quokka (D:2)
  A frilled lizard (D:2)
  2 kobolds
11 creatures vanquished.

Notes
Turn   | Place    | Note
-------+----------+-------------------------------------------
     0 | D:1      | Amnesiac the Ghoul Earth Elementalist began the quest for
                  | the Orb.
     0 | D:1      | Reached XP level 1. HP: 14/14 MP: 2/2
   254 | D:2      | Reached XP level 2. HP: 14/20 MP: 0/4
   262 | D:2      | Learned a level 2 spell: Passwall
   321 | D:2      | Found an opulent altar of Gozag.
   457 | D:3      | Noticed a scorpion
   536 | D:3      | Slain by a scorpion

Vault maps used:
D:1:      scummos_arrival_simple_crosswalls
D:2:      nicolae_gozag_seed_capital, first_ration, grunt_decor_cap
D:3:      nemelex_altar_shiori, gup_sewer_entry_spiral,
          minmay_misc_feat_secret_circle, uniq_natasha

Skill      XL: |  1 |
---------------+----+-----
Spellcasting   | 2 |  2.0
Dodging        | |  1.7
Stealth        | |  2.1
Transmutations | |  0.8
Earth Magic    | |  3.9

Action                   || total
-------------------------++-------
Melee: Unarmed           ||    71
 Fire: Blowgun           ||     6
Throw: Stone             ||     3
 Cast: Sandblast         ||    10
       Passwall          ||     1
  Eat: Chunk             ||     8
Armor: Robe              ||    40
Dodge: Dodged            ||    82

Table legend:
 A = Non-vault XP
 B = Vault XP
 C = Vault XP percentage of total XP
 D = Non-vault monster count
 E = Vault monster count
 F = Vault count percentage of total count
                 A         B        C        D         E       F
            +---------+---------+-------+---------+---------+-------
      Total |      20 |       0 |   0.0 |      11 |       0 |   0.0
            +---------+---------+-------+---------+---------+-------
        D:1 |       5 |       0 |   0.0 |       3 |       0 |   0.0
        D:2 |      14 |       0 |   0.0 |       7 |       0 |   0.0
        D:3 |       1 |       0 |   0.0 |       1 |       0 |   0.0
            +---------+---------+-------+---------+---------+-------
